 Dungeon Crawl Stone Soup version 0.27.1 (webtiles) character file.

Game seed: 1339207681413704168

29867 DearestLeader the Severer (level 13, 0/118 HPs)
             Began as a Minotaur Berserker on Sept 1, 2021.
             Was a High Priest of Trog.
             Shot with an arrow by Nessos (5 damage)
             ... on level 4 of the Lair of Beasts on Sept 2, 2021.
             The game lasted 00:35:00 (15530 turns).

DearestLeader the Severer (Minotaur Berserker)     Turns: 15530, Time: 00:35:01

Health: 0/118      AC: 22    Str: 25    XL:     13   Next: 17%
Magic:  12/12      EV: 13    Int: 11    God:    Trog [*****.]
Gold:   1212       SH:  0    Dex: 12    Spells: 12/12 levels left

rFire    + . .     SeeInvis .   n - +7 broad axe "Luvidugu" {freeze, Will- Int+7 Stlth+}
rCold    . . .     Faith    .   (no shield)
rNeg     + . .     Spirit   .   R - +6 scale mail of Plasticity {rF+ rN+ Regen+}
rPois    .         Reflect  .   Q - +2 hat
rElec    .         Harm     .   p - +0 cloak
rCorr    .         Rampage  .   u - +0 pair of gloves
Will     ++...                  W - +0 pair of boots
Stlth    +.........             (no amulet)
HPRegen  2.29/turn              f - ring of willpower
MPRegen  0.13/turn              a - +4 ring of slaying

@: lethally poisoned (0 -> -14), marked, strong-willed, regenerating
A: horns 2, retaliatory headbutt
a: Renounce Religion, Berserk, Trog's Hand, Brothers in Arms


You were on level 4 of the Lair of Beasts.
You worshipped Trog.
Trog was extremely pleased with you.
You visited 2 branches of the dungeon, and saw 17 of its levels.
You also visited: Ossuary and Bailey.

You collected 1308 gold pieces.
You spent 96 gold pieces at shops.

Inventory:

Hand Weapons
 i - a +0 hunting sling
 k - a +1 shortbow of freezing
 n - the +7 broad axe "Luvidugu" (weapon) {freeze, Will- Int+7 Stlth+}
   (You found it on level 8 of the Dungeon)

   It freezes those it strikes, dealing additional cold damage.
   It can also slow down cold-blooded creatures.
   Int:       It affects your intelligence (+7).
   Will:      It decreases your willpower.
   Stlth:     It makes you more stealthy.
 J - a +0 dire flail of protection
 M - a +3 flail of freezing
 T - a +3 antimagic battleaxe
Missiles
 w - 203 sling bullets
 y - 6 throwing nets
 L - a curare-tipped dart (quivered)
Armour
 p - a +0 cloak (worn)
 u - a +0 pair of gloves (worn)
 E - a scarf of invisibility
 Q - a +2 hat (worn)
 R - the +6 scale mail of Plasticity (worn) {rF+ rN+ Regen+}
   (You found it on level 8 of the Dungeon)

   rF:        It protects you from fire.
   rN:        It protects you from negative energy.
   Regen:     It increases your rate of health regeneration.
 V - a +4 chain mail
 W - a +0 pair of boots (worn)
Jewellery
 a - a +4 ring of slaying (right hand)
 f - a ring of willpower (left hand)
 O - a ring of flight
Wands
 c - a wand of iceblast (4)
 g - a wand of paralysis (8)
 q - a wand of polymorph (10)
 I - a wand of flame (42)
 N - a wand of charming (5)
 S - a wand of mindburst (37)
Scrolls
 h - a scroll of summoning
 j - a scroll of fear {unknown}
 r - 5 scrolls of teleportation
 x - 5 scrolls of enchant armour
 A - 4 scrolls of immolation
 B - a scroll of silence
 D - 3 scrolls of brand weapon
 F - 2 scrolls of magic mapping
 G - 3 scrolls of enchant weapon
 K - 2 scrolls of amnesia
 U - a scroll of fog
Potions
 b - 2 potions of cancellation
 d - 4 potions of flight
 e - 11 potions of curing
 l - 4 potions of lignification
 m - 5 potions of heal wounds
 o - 3 potions of attraction
 s - 4 potions of haste {unknown}
 t - a potion of ambrosia
 v - 3 potions of mutation
 z - 2 potions of brilliance
 C - a potion of magic
 H - a potion of berserk rage
 P - 2 potions of might


   Skills:
 + Level 12.1 Fighting
 - Level 18.0 Axes
 + Level 12.5 Armour
 + Level 8.3 Dodging


You had 12 spell levels left.
You didn't know any spells.
Your spell library was empty.

Dungeon Overview and Level Annotations

Branches:
Dungeon (11/15)            Temple (0/1) D:7            Lair (6/6) D:9
  Swamp (0/4) Lair:3        Snake (0/4) Lair:2        Slime (0/5) Lair:6
    Orc (0/2) D:9         Ossuary (visited)          Bailey (visited)

Altars:
Cheibriados
Elyvilon
Gozag
Okawaru
Ru
Trog
Uskayaw
Wu Jian

Shops:
D:5 !

Annotations:
Lair:4 Nergalle, Nessos


Innate Abilities, Weirdness & Mutations

You have a pair of horns on your head.
You reflexively headbutt those who attack you in melee.


Message History

Nessos unwields a +3 longbow of flaming.
It stops flaming.
Nessos hits you but does no damage. Nessos kicks you but does no damage.
The spectral orc knight hits you but does no damage.
Nergalle barely misses you.
Your iron troll goes berserk!
You feel extremely sick. Nessos hits you but does no damage.
Nessos barely misses you.
Nessos blinks!
The spectral orc knight barely misses you.
Nergalle casts a spell at you. The bolt of negative energy misses you.
Unknown command.
Your ogre goes berserk!
You feel extremely sick.
Nessos wields a +3 longbow of flaming.
It bursts into flame!
Nessos shoots an arrow.
The arrow barely misses you.
The arrow hits the bullfrog!!
The arrow burns the bullfrog.
The bullfrog dies!
Nessos shoots an arrow.
The arrow hits you.
* * * LOW HITPOINT WARNING * * *
The arrow burns you.
You are more poisoned.
* * * LOW HITPOINT WARNING * * *
The spectral orc knight hits you but does no damage.
Nergalle grimaces horribly.
Nergalle casts a spell at you.
Orcish apparitions take form around you.
Your iron troll rages.
You slash Nergalle! You freeze Nergalle. Your headbutt misses Nergalle.
Nergalle is heavily wounded.
You slash the spectral orc!
You destroy the spectral orc!
You feel very sick.
Nessos blinks!
A water moccasin comes into view.
Nessos shoots an arrow.
The arrow hits you!!
* * * LOW HITPOINT WARNING * * *
The arrow burns you.
You are more poisoned.
You die...

≈.## ≈..# ... ..# ...
#.## ..# #..# ..##
##.. #..####.#.#
......###.O##.....## P
..#..S....Z..†.....#..
#..........@§F.......
#.........#o........
#..§..T.#..........
##....P...........#
#....c......###P..
#.......#####
##..##### ##.## ##..#


You could see Nessos (fast, ally target), Nergalle, a spectral orc knight
(summoned, ally target), a cane toad, a water moccasin, a friendly iron troll
(summoned, berserk) and a friendly ogre (summoned, berserk).

Vanquished Creatures
  Gastronok (D:9)
  4 hydras
  A catoblepas (Lair:6)
  3 death yaks (Lair:1)
  Pikel (D:7)
  A lindwurm (Lair:3)
  A centaur zombie (D:10)
  2 black mambas
  9 cane toads
  An unseen horror (D:10)
  4 komodo dragons
  2 rime drakes (Lair:2)
  2 polar bears
  A troll (D:9)
  A hornet (D:9)
  8 blink frogs (Lair:3)
  Sigmund (D:4)
  A shadow (D:9)
  12 yaks
  4 wyverns
  2 wraiths
  3 vampire mosquitoes (D:10)
  2 basilisks
  Menkaure (D:6)
  An acid dragon (D:10)
  11 water moccasins
  A swamp drake (Lair:3)
  Duvessa (D:6)
  An ice beast (D:6)
  5 orc warriors
  A sky beast (D:6)
  A black bear (D:6)
  2 ogres
  A necrophage (D:5)
  7 wolves
  A centaur (D:6)
  4 boggarts (Lair:6)
  A kobold brigand (D:8)
  10 bullfrogs
  6 gnoll sergeants
  2 water moccasin zombies (D:6)
  6 scorpions
  A wyvern zombie (D:6)
  2 wyvern skeletons
  Dowan (D:6)
  A water moccasin skeleton (D:4)
  5 killer bees (D:8)
  4 wights (D:9)
  4 howler monkeys
  An electric eel (Lair:2)
  A crimson imp (D:9)
  5 hounds
  2 human zombies (Ossuary)
  5 orc priests
  4 bullfrog skeletons
  3 jellies
  Crazy Yiuf (D:3)
  A centaur skeleton (D:5)
  4 gnoll shamans (Bailey)
  5 iguanas
  Jessica (D:3)
  Ijyb (D:3)
  Natasha (thrice) (D:4)
  10 orc wizards
  7 hell rats (Lair:3)
  A killer bee zombie (D:8)
  3 ogre zombies (D:9)
  A hound skeleton (D:4)
  3 mummies (Ossuary)
  3 howler monkey zombies
  Robin (D:3)
  16 gnolls
  10 adders
  A river rat (D:3)
  2 white imps
  An ufetubus (D:4)
  4 adder zombies (Ossuary)
  An adder skeleton (D:4)
  2 worms (D:3)
  A dart slug (D:2)
  39 orcs
  5 bats
  2 endoplasms (D:1)
  3 giant cockroaches
  2 gnoll zombies (Ossuary)
  12 hobgoblins
  3 jackals (D:4)
  8 kobolds
  3 quokkas
  6 ball pythons
  3 frilled lizards
  12 goblins
  4 goblin zombies
  2 hobgoblin zombies (D:9)
  2 kobold zombies (Ossuary)
  2 orc skeletons (D:9)
  8 orc zombies (D:9)
  5 quokka zombies (Ossuary)
  7 rats
  2 rat zombies (Ossuary)
382 creatures vanquished.

Vanquished Creatures (collateral kills)
  2 boulder beetles
  A two-headed ogre (D:5)
  3 death yaks (Lair:1)
  The ghost of pzskc383 the Cleaver, a novice GrFi of Okawaru (D:8)
  A shadow (D:9)
  A yak (Lair:1)
  A phantom (D:9)
  3 gnoll sergeants (Bailey)
  2 gnoll shamans (Bailey)
  2 jellies (D:5)
  An orc wizard (D:5)
  3 ogre zombies (D:9)
  3 gnolls (Bailey)
  4 orcs (D:5)
  A goblin skeleton (D:9)
  2 orc skeletons (D:9)
  An orc zombie (D:9)
32 creatures vanquished.

Vanquished Creatures (others)
  A wizard (D:9)
  A bullfrog (Lair:4)
  A bush (Lair:1)
  10 fungi
  73 plants
86 creatures vanquished.

Grand Total: 500 creatures vanquished

Notes
Turn   | Place    | Note
-------+----------+-------------------------------------------
     0 | D:1      | DearestLeader the Minotaur Berserker began the quest for
                  | the Orb.
     0 | D:1      | Reached XP level 1. HP: 19/19 MP: 0/0
   172 | D:1      | Reached XP level 2. HP: 22/27 MP: 1/1
   297 | D:1      | Reached skill level 4 in Axes
   647 | D:1      | Found a faded altar of an unknown god.
   860 | D:2      | Reached ** piety under Trog
  1095 | D:2      | Reached XP level 3. HP: 33/33 MP: 2/2
  1743 | D:2      | Reached skill level 5 in Axes
  1743 | D:2      | Reached XP level 4. HP: 28/40 MP: 3/3
  1937 | D:3      | Noticed Jessica
  1947 | D:3      | Killed Jessica
  2030 | D:3      | Reached skill level 6 in Axes
  2118 | D:3      | Noticed Robin
  2123 | D:3      | Noticed Ijyb
  2133 | D:3      | Killed Ijyb
  2133 | D:3      | Noticed a scorpion
  2134 | D:3      | Reached XP level 5. HP: 34/42 MP: 4/4
  2360 | D:3      | Found a runed translucent door.
  2361 | D:3      | Noticed Crazy Yiuf
  2367 | D:3      | Killed Crazy Yiuf
  2493 | D:3      | Reached skill level 7 in Axes
  2518 | D:3      | Killed Robin
  2519 | D:3      | Reached XP level 6. HP: 52/52 MP: 5/5
  2618 | D:4      | Reached *** piety under Trog
  2641 | D:4      | Reached skill level 8 in Axes
  3015 | D:4      | Noticed Natasha
  3027 | D:4      | Reached skill level 9 in Axes
  3027 | D:4      | Reached XP level 7. HP: 59/59 MP: 6/6
  3035 | D:4      | Killed Natasha
  3181 | D:4      | Noticed Natasha
  3186 | D:4      | Killed Natasha
  3187 | D:4      | Reached skill level 10 in Axes
  3198 | D:4      | Noticed Natasha
  3203 | D:4      | Killed Natasha
  3233 | D:4      | Noticed Sigmund
  3240 | D:4      | Killed Sigmund
  3274 | D:4      | Reached skill level 11 in Axes
  3274 | D:4      | Reached XP level 8. HP: 45/66 MP: 7/7
  3751 | D:5      | Entered Level 5 of the Dungeon
  3761 | D:5      | Reached **** piety under Trog
  4126 | D:5      | Noticed a two-headed ogre
  4131 | D:5      | Killed a two-headed ogre
  4132 | D:5      | Reached skill level 12 in Axes
  4169 | D:5      | Reached skill level 13 in Axes
  4180 | D:5      | Reached XP level 9. HP: 71/71 MP: 8/8
  4196 | D:5      | Found Joasmicuics's Distillery.
  4205 | D:5      | Bought a potion of heal wounds for 60 gold pieces
  4205 | D:5      | Bought a potion of curing for 36 gold pieces
  4385 | D:5      | Found a sand-covered staircase.
  4394 | Ossuary  | Entered an ossuary
  5065 | D:6      | Noticed Menkaure
  5069 | D:6      | Killed Menkaure
  5070 | D:6      | Reached skill level 14 in Axes
  5142 | D:6      | Noticed Dowan
  5144 | D:6      | Noticed Duvessa
  5153 | D:6      | Killed Dowan
  5153 | D:6      | Reached ***** piety under Trog
  5167 | D:6      | Killed Duvessa
  5712 | D:6      | Found a hide-covered altar of Uskayaw.
  5725 | D:6      | Reached skill level 5 in Fighting
  5815 | D:6      | Found an iron altar of Okawaru.
  6098 | D:7      | Found a staircase to the Ecumenical Temple.
  6104 | D:7      | Found a flagged portal.
  6114 | Bailey   | Entered a bailey
  6498 | Bailey   | Reached skill level 5 in Armour
  6509 | Bailey   | Reached skill level 15 in Axes
  6849 | Bailey   | Reached XP level 10. HP: 83/83 MP: 9/9
  6980 | D:7      | Noticed a boulder beetle
  6993 | D:7      | Killed a boulder beetle
  7105 | D:7      | Identified the +6 spear of Jihit {speed, rF- rN+ rCorr
                  | Int+4}
  7322 | D:7      | Found a white marble altar of Elyvilon.
  7697 | D:7      | Noticed Pikel
  7711 | D:7      | Killed Pikel
  8272 | D:8      | Found a bloodstained altar of Trog.
  8272 | D:8      | Found an opulent altar of Gozag.
  8272 | D:8      | Found a snail-covered altar of Cheibriados.
  8344 | D:8      | Found a runed translucent gate.
  8344 | D:8      | Found a runed translucent gate.
  8344 | D:8      | Found a runed translucent gate.
  8344 | D:8      | Noticed a nine-headed hydra
  8344 | D:8      | Noticed pzskc383's ghost (novice GrFi)
  8589 | D:8      | You fall into a shaft and drop 3 floors!
  8628 | D:10     | Entered Level 10 of the Dungeon
  8678 | D:9      | Found a staircase to the Lair.
  8700 | D:9      | Reached skill level 16 in Axes
  9391 | D:9      | Found a staircase to the Orcish Mines.
  9392 | D:9      | Noticed Gastronok
  9407 | D:9      | Killed Gastronok
  9408 | D:9      | Reached XP level 11. HP: 95/95 MP: 10/10
  9695 | D:9      | Noticed a wizard
  9718 | D:9      | Killed a wizard
  9782 | D:8      | Identified the +6 scale mail of Plasticity {rF+ rN+ Regen+}
 10581 | D:10     | Found an ornate altar of the Wu Jian Council.
 10740 | D:10     | Reached skill level 17 in Axes
 11212 | D:10     | Found a sacrificial altar of Ru.
 11553 | D:11     | Noticed a boulder beetle
 11628 | D:10     | Killed a boulder beetle
 11706 | D:8      | Killed pzskc383's ghost
 11707 | D:8      | Killed a nine-headed hydra
 11714 | D:8      | Identified the +7 broad axe "Luvidugu" {freeze, Will- Int+7
                  | Stlth+}
 11772 | Lair:1   | Entered Level 1 of the Lair of Beasts
 12156 | Lair:1   | Noticed a death yak
 12156 | Lair:1   | Noticed a death yak
 12156 | Lair:1   | Noticed a death yak
 12159 | Lair:1   | Noticed a death yak
 12184 | Lair:1   | Killed a death yak
 12285 | Lair:1   | Killed a death yak
 12286 | Lair:1   | Reached skill level 10 in Fighting
 12286 | Lair:1   | Reached skill level 18 in Axes
 12289 | Lair:1   | Noticed a death yak
 12289 | Lair:1   | Noticed a death yak
 12298 | Lair:1   | Killed a death yak
 12299 | Lair:1   | Reached XP level 12. HP: 106/106 MP: 11/11
 12300 | Lair:1   | Killed a death yak
 12301 | Lair:1   | Reached skill level 10 in Armour
 12304 | Lair:1   | Killed a death yak
 12306 | Lair:1   | Killed a death yak
 13212 | Lair:2   | Reached skill level 5 in Dodging
 13225 | Lair:2   | Noticed an eight-headed hydra
 13232 | Lair:2   | Killed an eight-headed hydra
 13401 | Lair:2   | Found a staircase to the Snake Pit.
 14171 | Lair:3   | Noticed a six-headed hydra
 14177 | Lair:3   | Killed a six-headed hydra
 14440 | Lair:3   | You fall into a shaft and drop 3 floors!
 14440 | Lair:6   | Entered Level 6 of the Lair of Beasts
 14481 | Lair:6   | Identified the +4 dagger "Wyhoets" {vamp, rPois}
 14522 | Lair:6   | Noticed a catoblepas
 14528 | Lair:6   | Killed a catoblepas
 14667 | Lair:6   | Found a staircase to the Slime Pits.
 14687 | Lair:6   | Noticed a seven-headed hydra
 14693 | Lair:6   | Killed a seven-headed hydra
 14703 | Lair:6   | Reached XP level 13. HP: 104/117 MP: 12/12
 14871 | Lair:3   | Found a staircase to the Swamp.
 15349 | Lair:4   | Received a gift from Trog
 15513 | Lair:4   | Noticed Nergalle
 15515 | Lair:4   | Noticed Nessos
 15530 | Lair:4   | HP: 5/118 [Nessos/arrow (22)]
 15530 | Lair:4   | Shot with an arrow by Nessos

Illustrated notes

Levels and vault maps discovered:
D:1:      sevenhm_arrival_forest_fort_large_1, layout_rooms,
          basic_ecumenical_altar, hangedman_decor_diamond_cutter, minivault_19,
          corner_web_ring, minmay_pentomino_q2
D:2:      layout_rooms
D:3:      layout_basic, portal_sewer_entry_b, st_stairs_6, uniq_ijyb,
          uniq_jessica, uniq_robin, uniq_crazy_yiuf_cottage
D:4:      layout_gridville, guppyfry_early_orc_mine, uniq_sigmund, uniq_natasha
D:5:      layout_basic, serial_shops, nicolae_diamond_shop, enter_ossuary_1,
          kennysheep_dice
D:6:      layout_loops_cross, nicolae_uskayaw_suspiria,
          overflow_temple_1_default, supply_closet_lemuel, uniq_duvessa,
          uniq_menkaure
D:7:      layout_loops_cross, mainiacjoe_overflow_cross_hatched,
          minmay_temple_entry_arrows, enter_bailey_2, uniq_pikel
D:8:      layout_loops_cross, gammafunk_temple_overflow_forgotten,
          gammafunk_ghost_hydra_chop
D:9:      layout_basic, lair_entry_dummy, zombieorc1_lemuel,
          chequers_serial_rivers_large_a, lightli_wizard_tower, uniq_gastronok
D:10:     layout_stronghold, general_overflow_altar,
          mainiacjoe_overflow_alcove_2
D:11:     minmay_weird_star, layout_long_grid
Lair:1:   layout_cave_pods, serial_forest, infiniplex_forest_corner_2,
          infiniplex_forest_clump_double, infiniplex_forest_diagonal,
          infiniplex_forest_clump_double, infiniplex_forest_fountain,
          infiniplex_forest_lined_room_3, infiniplex_forest_clump_curved,
          infiniplex_forest_corner_1, hibernation_bobbens
Lair:2:   layout_small_grid, dummy_snake_entry, infiniplex_staircase_pool
Lair:3:   layout_hall_layers, minmay_swamp_entry_reptiles, grunt_megastairs_5
Lair:4:   layout_cave_pods, serial_rivers, chequers_serial_rivers_room_a,
          chequers_serial_rivers_room_a, chequers_serial_rivers_micro_a,
          chequers_serial_rivers_small_b, lemuel_fruit_tree, uniq_nergalle,
          uniq_nessos, uniq_sonja
Lair:5:   layout_concentric_octagons, grunt_megastairs_3
Lair:6:   evilmike_catoblepas_cave, layout_regular_city, slime_dummy,
          basic_altar, chequers_serial_rivers_micro_c,
          chequers_serial_rivers_small_b, kilobyte_rumbling_trees

Skill      XL: |  1  2  3  4  5  6  7  8  9 10 11 12 13 |
---------------+----------------------------------------+-----
Axes           | 4 5 6 7 9 11 13 15 16 18 | 18.0
Fighting       | 4 6 8 10 11 12 | 12.1
Armour         | 3 5 8 9 12 | 12.5
Dodging        | 3 7 8 |  8.3

Action                   |  1- 3 |  4- 6 |  7- 9 | 10-12 | 13-15 || total
-------------------------+-------+-------+-------+-------+-------++-------
Melee: Hand axe          |    64 |    45 |       |       |       ||   109
       Headbutt          |    10 |    23 |    80 |   109 |    11 ||   233
       Mace              |       |    71 |   339 |    39 |       ||   449
       Dire flail        |       |       |       |   129 |       ||   129
       Flail             |       |       |       |   183 |       ||   183
       Broad axe         |       |       |       |   141 |    57 ||   198
Invok: Berserk           |     4 |     5 |     8 |    15 |       ||    32
       Trog's Hand       |       |     1 |     3 |     6 |     1 ||    11
       Brothers in Arms  |       |       |     2 |     7 |     2 ||    11
  Use: Scroll            |       |     2 |    11 |    10 |       ||    23
 Stab: Distracted        |       |       |     1 |       |       ||     1
Armor: Leather armour    |     7 |    45 |    83 |       |       ||   135
       Scale mail        |     8 |     6 |       |   118 |    20 ||   152
       Ring mail         |       |       |   102 |   126 |       ||   228
Dodge: Dodged            |    41 |    83 |   249 |   234 |    24 ||   631
